 Dungeon Crawl Stone Soup version 0.18-a0-1243-g9e52518 (webtiles) character file.

359 Lathuz the Conjurer (level 6, -3/32 HPs)
             Began as a Deep Elf Conjurer on Feb 5, 2016.
             Slain by a worker ant (7 damage)
             ... on level 4 of the Dungeon.
             The game lasted 00:09:25 (3477 turns).

Lathuz the Conjurer (Deep Elf Conjurer)             Turns: 3477, Time: 00:09:25

Health: -3/32      AC:  3    Str:  5    XL:     6   Next: 37%
Magic:  7/12       EV:  8    Int: 22    God:
Gold:   153        SH:  0    Dex: 15    Spells: 3 memorised, 3 levels left

rFire  . . .     SeeInvis .     l - +0 short sword
rCold  . . .     Gourm    .     a - +0 robe
rNeg   + . .     Faith    .     (no shield)
rPois  .         Spirit   .     (no helmet)
rElec  .         Dismiss  .     i - +0 cloak
rCorr  .         Reflect  .     (no gloves)
SustAt .         Harm     .     (no boots)
MR     .....                    (no amulet)
Stlth  +++.......               y - ring of stealth
                                e - ring of positive energy

@: lethally poisoned (-3 -> -14), not resistant to hostile enchantments, fairly
stealthy
A: no striking features
a: no special abilities


You were on level 4 of the Dungeon.
You were hungry.

You visited 1 branch of the dungeon, and saw 4 of its levels.

You collected 153 gold pieces.

Inventory:

Hand Weapons
 l - a +0 short sword (weapon)
Missiles
 o - 21 stones (quivered)
Armour
 a - a +0 robe (worn)
 i - a +0 cloak (worn)
Jewellery
 e - a ring of positive energy (left hand)
 y - a ring of stealth (right hand)
Scrolls
 d - a scroll of teleportation
 f - a scroll of magic mapping {unknown}
 h - a scroll of identify {unknown}
 j - a scroll of fear
 q - a scroll of random uselessness {unknown}
 s - 2 scrolls of remove curse
 t - a scroll of recharging {unknown}
 x - a scroll of amnesia {unknown}
Potions
 k - a potion of curing {unknown}
 m - a potion of lignification {unknown}
 p - 2 potions of brilliance {unknown}
 r - 2 potions of magic {unknown}
 u - a potion of cancellation {unknown}
 w - a potion of might {unknown}
 A - a potion of haste {unknown}
 B - a potion of flight {unknown}
Books
 b - a book of Conjurations

   Spells                             Type                      Level
   a - Magic Dart                     Conjuration                  1
   b - Searing Ray                    Conjuration                  2
   c - Dazzling Spray                 Conjuration/Hexes            3
   d - Fulminant Prism                Conjuration/Hexes            4
   e - Iskenderun's Mystic Blast      Conjuration                  4
   f - Iskenderun's Battlesphere      Conjuration/Charms           5
Comestibles
 c - 3 bread rations
 g - 3 beef jerkies
 n - a meat ration
 v - 2 royal jellies
 z - 2 fruits


   Skills:
 - Level 2.4 Dodging
 - Level 2.4 Stealth
 - Level 3.0 Spellcasting
 + Level 7.9 Conjurations
 + Level 3.8 Charms


You had 3 spell levels left.
You knew the following spells:

 Your Spells              Type           Power        Failure   Level  Hunger
a - Magic Dart            Conj           ####         1%          1    None
b - Searing Ray           Conj           #####.       1%          2    ##.....
c - Iskenderun's Battles  Conj/Chrm      ####....     34%         5    ######.


Dungeon Overview and Level Annotations

Branches:
Dungeon (4/15)
 Temple: D:4-7

Altars:
Cheibriados
Dithmenos
Elyvilon
Nemelex Xobeh


Message History

The orc wizard seems to speed up.
You feel sick.
The orc wizard looks braver for a moment.
You see here a runed spear.
You feel sick.
The orc wizard casts a cantrip, but nothing happens.
You feel sick.
There is an open door here.
You feel sick.
You feel sick.
You feel sick. The worker ant closely misses you.
You feel sick. The worker ant bites you.
* * * LOW HITPOINT WARNING * * *
You are lethally poisoned!
The worker ant poisons you!
There is a stone staircase leading up here.
* * * LOW HITPOINT WARNING * * *
You feel sick. The worker ant bites you!
You die...

#.# #.........
########........(
#................
#............####
#............##
#...............
#.^.........####
#......aa...#
#......@#####
#########


You could see 2 worker ants.

Vanquished Creatures
  A phantom (D:3)
  An orc priest (D:3)
  An orc wizard (D:3)
  Terence (D:3)
  Jessica (D:3)
  A worker ant (D:4)
  A gnoll (D:1)
  5 adders (D:2)
  An ooze (D:2)
  3 worms (D:2)
  8 orcs
  A ball python (D:1)
  4 bats
  4 giant cockroaches
  3 goblins (D:1)
  8 hobgoblins
  2 jackals (D:3)
  7 kobolds
  A quokka (D:3)
  8 giant newts
  10 rats
72 creatures vanquished.

Vanquished Creatures (others)
  4 toadstools (D:1)
4 creatures vanquished.

Grand Total: 76 creatures vanquished

Notes
Turn   | Place    | Note
--------------------------------------------------------------
     0 | D:1      | Lathuz the Deep Elf Conjurer began the quest for the Orb.
     0 | D:1      | Reached XP level 1. HP: 10/10 MP: 6/6
   339 | D:1      | Reached XP level 2. HP: 15/15 MP: 1/8
   516 | D:1      | Reached skill level 5 in Conjurations
   957 | D:1      | Learned a level 2 spell: Searing Ray
  1028 | D:1      | Reached XP level 3. HP: 19/19 MP: 5/9
  1492 | D:2      | Reached skill level 6 in Conjurations
  1831 | D:2      | Reached XP level 4. HP: 24/24 MP: 6/10
  1880 | D:2      | Found a sparkling altar of Nemelex Xobeh.
  2355 | D:3      | Noticed Jessica
  2355 | D:3      | Noticed Terence
  2485 | D:3      | Killed Terence
  2559 | D:3      | Killed Jessica
  2559 | D:3      | Reached skill level 7 in Conjurations
  2559 | D:3      | Reached XP level 5. HP: 28/28 MP: 8/11
  2566 | D:3      | Learned a level 5 spell: Iskenderun's Battlesphere
  2624 | D:3      | Reached skill level 1 in Charms
  2745 | D:3      | Found a snail-covered altar of Cheibriados.
  2901 | D:3      | Found a faded altar to an unknown god.
  2939 | D:3      | Noticed a phantom
  2959 | D:3      | Killed a phantom
  2959 | D:3      | Reached XP level 6. HP: 27/32 MP: 1/12
  3103 | D:3      | Found a white marble altar of Elyvilon.
  3242 | D:3      | Found a shadowy altar of Dithmenos.
  3477 | D:4      | Slain by a worker ant

Vault maps used:
D:1:      ldierk_walled_garden_2
D:2:      nemelex_deck
D:3:      lemuel_doored_altar, lemuel_round_altar, elyvilon_altar_5,
          ecumenical_altar_2, uniq_jessica, uniq_terence
D:4:      minmay_temple_entry_glassed_door

Action                   |  1- 3 |  4- 6 || total
-------------------------+-------+-------++-------
Melee: Short sword       |     7 |    11 ||    18
 Cast: Magic Dart        |    74 |    76 ||   150
       Searing Ray       |     1 |     7 ||     8
  Use: Scroll            |       |     3 ||     3
 Stab: Sleeping          |       |     1 ||     1
  Eat: Chunk             |     2 |     5 ||     7
